Map: World of Sleepers LE

Players

Nenyaz - Winner!

  • Race: Protoss Protoss
  • League: Platinum
  • Spawn Location: 7:00

pHARM

  • Race: Zerg Zerg
  • League: Platinum
  • Spawn Location: 1:00

VOD

Have the link to the VOD?

Description

Time

  • Played on: Aug. 24, 2019, 8:28 a.m.
  • Length: 8:00
Show
View Real Time Build Order
Export as new Build Order

Nenyaz Protoss - Winner!

Build Orders: 1 Gate Expand 

Get SALT Encoding   

  12  0:01  Probe  
  13  0:10  Probe  
  14  0:20  Probe  
  14  0:21  Pylon  
  15  0:39  Probe  
  15  0:41  Gateway  
  16  0:48  Assimilator  
  16  0:51  Probe  
  17  1:04  Probe  
  18  1:16  Probe  
  19  1:28  Probe  
  20  1:33  Nexus  
  20  1:40  Probe  
  20  1:45  Cybernetics Core  
  21  1:51  Assimilator  
  21  1:54  Probe  
  22  2:01  Pylon  
  22  2:08  Probe  
  23  2:15  Stalker  
  23  2:19  Warp Gate  
  23  2:22  Probe, Robotics Facility  
  26  2:37  Probe  
  26  2:42  Gateway  
  27  2:45  Probe  
  28  2:54  Adept  
  28  2:58  Probe x2  
  32  3:06  Twilight Council  
  32  3:13  Warp Prism, Probe  
  32  3:14  Probe  
  36  3:33  Resonating Glaives  
  36  3:36  Probe  
  36  3:41  Sentry  
  39  3:44  Sentry  
  39  3:47  Probe  
  42  3:58  Gateway  
  42  4:01  Probe  
  42  4:02  Probe  
  44  4:10  Pylon  
  44  4:15  Probe  
  45  4:20  Pylon  
  45  4:24  Gateway  
  45  4:28  Immortal, Probe  
  50  4:31  Pylon  
  50  4:40  Probe  
  50  4:41  Probe  
  52  4:47  Gateway  
  52  4:51  Pylon  
  52  4:52  Sentry  
  54  4:57  Immortal  
  54  4:59  Probe  
  55  5:01  Adept x2  
  59  5:08  Probe  
  64  5:14  Probe  
  64  5:18  Adept  
  64  5:20  Sentry  
  69  5:22  Gateway  
  69  5:25  Gateway  
  69  5:31  Gateway, Adept x2  
  69  5:32  Probe  
  69  5:34  Probe  
  75  5:49  Observer  
  76  5:50  Shield Battery  
  76  5:51  Adept  
  78  6:01  Pylon  
  78  6:03  Pylon  
  78  6:04  Pylon  
  78  6:07  Pylon  
  78  6:26  Adept x6  
  78  6:27  Adept  
  92  6:53  Adept x4  
  92  6:54  Adept x4  
  102  7:14  Adept x3  
  102  7:15  Adept  
  110  7:24  Pylon  
  110  7:26  Pylon  
  110  7:27  Pylon  
  108  7:34  Adept x3  
  108  7:35  Adept x2  
Show
View Real Time Build Order
Export as new Build Order

pHARM Zerg 

Build Orders: Hatch First 

Get SALT Encoding   

  12  0:01  Drone  
  13  0:15  Overlord  
  13  0:17  Drone  
  14  0:34  Drone x2  
  16  0:38  Drone  
  17  0:56  Hatchery  
  16  1:01  Drone x2  
  18  1:12  Drone  
  19  1:22  Drone  
  20  1:25  Spawning Pool  
  19  1:42  Drone  
  20  1:49  Overlord  
  20  1:56  Drone  
  20  1:58  Extractor  
  20  2:10  Drone x2  
  20  2:13  Queen x2  
  26  2:30  Drone x2  
  26  2:31  Drone  
  29  2:39  Drone  
  29  2:40  Drone  
  31  3:05  Drone x5  
  36  3:12  Roach Warren  
  35  3:22  Lair  
  35  3:23  Queen  
  35  3:24  Evolution Chamber  
  35  3:25  Overlord  
  35  3:26  Overlord  
  36  3:42  Evolution Chamber, Drone  
  36  3:44  Drone x6  
  36  3:47  Overlord  
  42  3:55  Drone  
  43  3:59  Zerg Missile Weapons Level 1  
  43  4:03  Drone  
  43  4:04  Drone  
  45  4:18  Extractor  
  45  4:20  Extractor  
  43  4:27  Glial Reconstitution  
  43  4:38  Overlord x2  
  43  4:39  Drone x5, Hatchery  
  47  4:56  Pneumatized Carapace  
  47  5:07  Roach  
  47  5:08  Roach x6  
  61  5:27  Drone  
  62  5:29  Hydralisk Den  
  62  5:30  Roach x3  
  67  5:38  Roach x2  
  71  6:01  Drone x10  
  81  6:04  Grooved Spines  
  81  6:12  Drone  
  81  6:13  Infestation Pit  
  75  6:32  Zergling x14  
  82  6:39  Extractor  
  81  6:54  Overlord x3  
  80  7:02  Roach  
  80  7:03  Roach x2  
  80  7:04  Roach  
  80  7:06  Zergling x8  
  80  7:07  Queen  
  81  7:09  Queen  
  81  7:14  Hydralisk x6  
  83  7:29  Hydralisk  
  82  7:31  Zergling x6  
  82  7:32  Zergling x2  
Tags
 
Add a new tag
Caveats
  • Supply blocks, unpowered buildings, or Contaminate may cause inaccurate times.
  • Supply counts are checked every 10 seconds.